 Dungeon Crawl Stone Soup version 0.20.1-1-g8b1a95d (webtiles) character file.

650 vomix the Cleaver (level 7, -10/85 HPs)
             Began as a Minotaur Berserker on Aug 24, 2017.
             Was a Priest of Trog.
             Mangled by an ogre
             ... wielding a +0 giant club
              (29 damage)
             ... on level 4 of the Dungeon.
             The game lasted 00:12:56 (2841 turns).

vomix the Cleaver (Minotaur Berserker)              Turns: 2841, Time: 00:12:57

Health: -10/85     AC:  9    Str: 27    XL:     7   Next: 28%
Magic:  6/6        EV:  9    Int:  4    God:    Trog [***...]
Gold:   306        SH:  0    Dex: 11    Spells: 6/6 levels left

rFire    . . .     SeeInvis .   s - +0 war axe
rCold    . . .     Gourm    .   (no shield)
rNeg     . . .     Faith    .   n - +0 chain mail
rPois    .         Spirit   .   (helmet restricted)
rElec    .         Reflect  .   (no cloak)
rCorr    +         Harm     .   r - +0 pair of gloves
MR       .....                  (no boots)
Stlth    ..........             (no amulet)
Regen    0.3/turn               e - ring of resist corrosion
MPRegen  0.1/turn               (no ring)

@: berserking, very quick
A: retaliatory headbutt, horns 2
a: Berserk, Trog's Hand, Burn Spellbooks, Renounce Religion


You were on level 4 of the Dungeon.
You worshipped Trog.
Trog was most pleased with you.
You were hungry.

You visited 1 branch of the dungeon, and saw 4 of its levels.

You collected 306 gold pieces.

Inventory:

Hand Weapons
 s - a +0 war axe (weapon)
Armour
 n - a +0 chain mail (worn)
 r - a +0 pair of gloves (worn)
Jewellery
 e - a ring of resist corrosion (left hand)
 l - an uncursed ring of fire
Wands
 w - a wand of confusion (21/48)
Scrolls
 a - a scroll of noise {unknown}
 b - a scroll of enchant armour {unknown}
 f - 6 scrolls of identify {unknown}
 j - 2 scrolls of recharging {unknown}
 m - a scroll of immolation {unknown}
 p - 2 scrolls of fog {unknown}
 u - a scroll of amnesia {unknown}
 v - a scroll of remove curse {unknown}
Potions
 d - a potion of mutation {unknown}
 h - 2 potions of curing
 i - a potion of flight {unknown}
 k - a potion of resistance {unknown}
 q - a potion of ambrosia {unknown}
 t - a potion of heal wounds {unknown}
Comestibles
 c - 5 bread rations
 o - 2 royal jellies


   Skills:
 - Level 3.6 Fighting
 + Level 10.1 Axes
 - Level 2.4 Armour
 - Level 2.1 Dodging


You had 6 spell levels left.
You didn't know any spells.

Dungeon Overview and Level Annotations

Branches:
Dungeon (4/15)             Temple (0/1) D:4

Altars:
Elyvilon
Sif Muna
Yredelemnul


Innate Abilities, Weirdness & Mutations

You reflexively headbutt those who attack you in melee.
You have a pair of horns on your head.


Message History

* * * LOW HITPOINT WARNING * * *
It was a potion of curing.
You feel better. The hound bites you. The hound bites you but does no damage.
A red film seems to cover your vision as you go berserk!
You feel yourself moving faster!
You feel mighty!
You are feeling hungry.
The hound barely misses you. The ogre hits you with a giant club!!
* * * LOW HITPOINT WARNING * * *
You slash the ogre! Your headbutt misses the ogre.
The ogre is moderately wounded.
You closely miss the giant cockroach. You miss the hound.
The hound bites you but does no damage. The giant cockroach closely misses you.
You furiously retaliate!
You headbutt the giant cockroach!
You kill the giant cockroach!
Trog accepts your kill.
You hit the ogre. Your headbutt misses the ogre.
The ogre is heavily wounded.
You miss the hound. The hound bites you but does no damage.
The ogre hits you with a giant club!!
You die...

...# ### #..# .. ... ...
.. ... ##..#####. ...
#....##.. ... #....##.#
.## #....##.######### .#
...###†.#†.........# .#
......h@...........# .#
....##O.%..........#
#########. #)#...........#
#...>...#..
#.............#
#.......#..
##...###'######
#.#...#.##. #....# #.#
#.......##. #.#..# #.#
#.......##. ##.#..###'###
#.#...#.#..###...........#


You could see an ogre and a hound.

Vanquished Creatures
  Eustachio (D:4)
  The ghost of Alarak the Chopper, an amateur DsBe of Trog (D:4)
  2 orc priests
  Jessica (D:2)
  Natasha (D:4)
  3 orc wizards
  2 worker ants (D:4)
  7 adders
  2 oozes (D:3)
  2 worms (D:2)
  3 dart slugs (D:1)
  2 leopard geckos
  12 orcs
  A ball python (D:2)
  7 giant cockroaches
  11 goblins
  13 hobgoblins
  4 jackals (D:1)
  10 bats
  3 frilled lizards
  7 kobolds
  A leopard gecko skeleton (D:4)
  5 rats
101 creatures vanquished.

Notes
Turn   | Place    | Note
-------+----------+-------------------------------------------
     0 | D:1      | vomix the Minotaur Berserker began the quest for the Orb.
     0 | D:1      | Reached XP level 1. HP: 19/19 MP: 0/0
    27 | D:1      | Reached skill level 4 in Axes
    36 | D:1      | Reached XP level 2. HP: 7/26 MP: 1/1
   491 | D:1      | Reached skill level 5 in Axes
   544 | D:1      | Reached XP level 3. HP: 22/31 MP: 2/2
   914 | D:2      | Noticed Jessica
   919 | D:2      | Killed Jessica
   919 | D:2      | Reached skill level 6 in Axes
   919 | D:2      | Reached XP level 4. HP: 35/39 MP: 3/3
   952 | D:2      | Reached ** piety under Trog
  1133 | D:2      | Reached skill level 7 in Axes
  1133 | D:2      | Reached XP level 5. HP: 45/45 MP: 4/4
  1191 | D:2      | Found a basalt altar of Yredelemnul.
  1191 | D:2      | Found a deep blue altar of Sif Muna.
  1194 | D:2      | Found a white marble altar of Elyvilon.
  1289 | D:2      | Found a faded altar of an unknown god.
  1458 | D:2      | Found a transporter.
  1472 | D:2      | Found a transporter.
  1693 | D:3      | Reached skill level 8 in Axes
  1748 | D:3      | Reached *** piety under Trog
  1850 | D:3      | Reached XP level 6. HP: 51/51 MP: 5/5
  2632 | D:4      | Noticed Alarak's ghost (amateur DsBe)
  2637 | D:4      | Killed Alarak's ghost
  2637 | D:4      | Reached skill level 9 in Axes
  2756 | D:4      | Found a staircase to the Ecumenical Temple.
  2785 | D:4      | Noticed Eustachio
  2798 | D:4      | Killed Eustachio
  2798 | D:4      | Reached XP level 7. HP: 50/57 MP: 6/6
  2814 | D:4      | Noticed Natasha
  2822 | D:4      | Killed Natasha
  2822 | D:4      | Reached skill level 10 in Axes
  2841 | D:4      | Mangled by an ogre

Skill      XL: |  1  2  3  4  5  6  7 |
---------------+----------------------+-----
Axes           | 4 5 6 7 8 9 10 | 10.1
Fighting       | |  3.6
Armour         | |  2.4
Dodging        | |  2.1

Action                   |  1- 3 |  4- 6 |  7- 9 || total
-------------------------+-------+-------+-------++-------
Melee: Hand axe          |    49 |   136 |       ||   185
       Headbutt          |     6 |    30 |     1 ||    37
       War axe           |       |    22 |    15 ||    37
Invok: Berserk           |     2 |     3 |     1 ||     6
       Trog's Hand       |       |     1 |       ||     1
  Use: Potion            |       |       |     1 ||     1
  Eat: Chunk             |     2 |     9 |       ||    11
Armor: Animal skin       |     8 |     1 |       ||     9
       Chain mail        |       |    95 |     7 ||   102
Dodge: Dodged            |    35 |    70 |     8 ||   113
